Map: Prion Terraces

Players

Petraeus - Winner!

  • Race: Zerg Zerg
  • League: Grandmaster

Kelazhur

  • Race: Terran Terran
  • League: Master

VOD

Have the link to the VOD?

Description

Time

  • Played on: Dec. 20, 2015, 1:49 a.m.
  • Length: 11:36
Show
View Real Time Build Order
Export as new Build Order

Petraeus Zerg - Winner!

Build Orders: Hatch First 

Get SALT Encoding   

  12  0:00  Drone  
  13  0:12  Overlord  
  13  0:16  Drone  
  14  0:30  Drone  
  14  0:31  Drone  
  14  0:35  Drone  
  17  0:51  Hatchery  
  17  0:55  Drone  
  17  0:58  Drone  
  18  1:12  Spawning Pool  
  18  1:13  Extractor  
  18  1:15  Drone  
  17  1:18  Drone  
  18  1:28  Drone  
  19  1:39  Overlord  
  19  1:49  Drone  
  20  1:59  Queen  
  20  2:01  Zergling x2  
  23  2:03  Queen  
  23  2:04  Zergling x2  
  26  2:11  Drone  
  26  2:15  Metabolic Boost  
  27  2:17  Drone  
  28  2:26  Overlord  
  28  2:43  Queen  
  30  2:44  Drone x2  
  30  2:45  Drone  
  30  2:46  Drone x2  
  35  2:55  Drone  
  35  2:57  Hatchery  
  34  3:00  Overlord  
  34  3:06  Drone  
  34  3:08  Drone  
  35  3:19  Drone x2  
  38  3:20  Drone  
  38  3:21  Drone, Queen  
  38  3:25  Overlord  
  41  3:28  Drone  
  41  3:29  Drone  
  43  3:40  Roach Warren, Drone  
  43  3:41  Extractor  
  43  3:43  Drone  
  43  3:45  Drone x2  
  45  3:50  Drone  
  45  3:53  Drone  
  45  3:54  Overlord  
  47  3:58  Zergling x2  
  47  3:59  Zergling x2  
  47  4:01  Queen  
  51  4:06  Overlord  
  51  4:08  Zergling x2  
  52  4:12  Evolution Chamber  
  51  4:20  Roach x2  
  51  4:23  Roach x2  
  59  4:25  Drone  
  59  4:27  Lair  
  59  4:29  Drone  
  59  4:31  Drone  
  62  4:32  Drone x3  
  62  4:36  Overlord  
  65  4:47  Spore Crawler  
  65  4:48  Spore Crawler  
  65  4:49  Drone  
  64  4:54  Zerg Missile Weapons Level 1, Drone  
  64  4:55  Drone x3  
  68  5:02  Drone  
  68  5:03  Spore Crawler  
  68  5:05  Roach  
  68  5:06  Roach  
  72  5:08  Drone  
  72  5:11  Overlord  
  72  5:12  Overlord  
  72  5:13  Drone  
  74  5:15  Extractor  
  74  5:16  Extractor  
  74  5:18  Drone x2  
  74  5:29  Overlord  
  74  5:31  Drone x2, Extractor  
  74  5:32  Drone x4  
  74  5:33  Drone  
  75  5:38  Drone x3, Overseer  
  75  5:39  Glial Reconstitution  
  75  5:41  Drone  
  78  5:42  Drone  
  78  5:43  Drone  
  78  5:45  Drone x3  
  78  5:49  Infestation Pit  
  81  5:56  Drone  
  81  5:57  Overlord  
  82  5:59  Extractor  
  82  6:02  Drone  
  82  6:07  Evolution Chamber  
  81  6:19  Overlord  
  81  6:20  Overlord  
  81  6:21  Hatchery, Drone x3  
  81  6:22  Ravager x2  
  81  6:23  Ravager x2  
  87  6:26  Ravager  
  87  6:30  Hive  
  89  6:33  Ravager, Zergling x12  
  89  6:34  Overlord  
  89  6:35  Overlord x2  
  95  6:44  Drone  
  95  6:45  Drone x2  
  95  6:47  Drone  
  99  6:49  Zerg Missile Weapons Level 2  
  99  6:50  Zerg Ground Armor Level 1  
  99  6:51  Roach  
  101  6:57  Overlord  
  101  7:00  Spore Crawler  
  100  7:03  Drone x2  
  100  7:04  Drone x3  
  100  7:05  Drone  
  100  7:07  Roach x3  
  100  7:08  Roach  
  113  7:10  Overlord  
  113  7:11  Drone  
  114  7:15  Drone  
  114  7:16  Spine Crawler  
  114  7:17  Drone  
  114  7:18  Drone  
  116  7:33  Roach x5  
  116  7:36  Roach x2  
  130  7:38  Roach x4  
  136  7:44  Drone  
  136  7:46  Adrenal Glands  
  136  7:47  Ultralisk Cavern  
  136  7:49  Roach x2  
  136  7:50  Roach  
  136  7:51  Ravager  
  141  7:53  Ravager  
  141  7:58  Overlord  
  137  8:00  Queen x2  
  137  8:02  Queen  
  137  8:03  Queen  
  145  8:09  Extractor  
  145  8:10  Drone x3  
  147  8:21  Zergling x20  
  147  8:23  Overlord, Drone  
  147  8:24  Drone  
  147  8:26  Spine Crawler  
  157  8:27  Spine Crawler  
  156  8:36  Pneumatized Carapace  
  156  8:44  Zerg Melee Weapons Level 1, Queen  
  156  8:45  Queen  
  159  8:51  Chitinous Plating  
  159  8:53  Ultralisk x3  
  175  9:00  Overlord x2  
  175  9:02  Ultralisk  
  181  9:14  Zergling x6  
  183  9:18  Overlord x3  
  183  9:25  Spine Crawler x2  
  183  9:27  Spire  
  183  9:28  Spine Crawler  
  183  9:31  Ultralisk  
  180  9:32  Ultralisk  
  182  9:38  Extractor  
  182  9:39  Zergling x16  
  186  9:54  Queen  
  177  10:01  Ultralisk  
  177  10:02  Zergling x18  
  181  10:08  Queen  
  181  10:12  Ultralisk, Zergling x2  
  181  10:13  Zergling x2  
  183  10:18  Ultralisk  
  178  10:21  Zergling x6  
  178  10:23  Queen  
  170  10:56  Ultralisk x2, Zergling x2  
  170  10:57  Zergling x14  
  178  10:58  Hatchery  
  161  11:08  Zergling x10  
Show
View Real Time Build Order
Export as new Build Order

Kelazhur Terran 

Build Orders: Hellion Banshee, MMM Bio 

Get SALT Encoding   

  12  0:01  SCV  
  13  0:13  SCV  
  14  0:18  Supply Depot  
  14  0:26  SCV  
  15  0:40  SCV  
  15  0:41  Barracks  
  16  0:52  SCV  
  17  1:04  SCV  
  18  1:14  Command Center  
  18  1:18  SCV  
  19  1:28  Marine  
  19  1:30  Orbital Command  
  20  1:42  Refinery  
  20  1:45  Supply Depot  
  20  1:46  Marine  
  21  1:53  Refinery  
  21  1:56  SCV  
  22  2:04  Marine  
  23  2:08  SCV  
  24  2:20  SCV  
  24  2:21  Marine  
  26  2:26  Orbital Command  
  26  2:29  Bunker  
  26  2:33  SCV  
  26  2:35  Factory  
  27  2:43  Barracks Reactor  
  27  2:45  SCV  
  28  2:54  SCV  
  28  2:58  SCV  
  30  3:06  SCV  
  30  3:10  SCV  
  32  3:18  SCV  
  33  3:20  Starport  
  33  3:22  SCV  
  33  3:26  Hellion  
  33  3:27  Hellion  
  38  3:28  Barracks Tech Lab  
  38  3:30  SCV, Supply Depot  
  39  3:34  SCV  
  39  3:39  Supply Depot  
  40  3:42  SCV  
  40  3:46  SCV  
  40  3:48  Hellion x2  
  46  3:54  SCV  
  49  3:58  SCV  
  48  4:06  SCV  
  48  4:08  Banshee, Cloaking Field  
  48  4:09  Hellion x2  
  56  4:11  SCV  
  56  4:15  Supply Depot  
  57  4:19  SCV  
  58  4:25  SCV  
  58  4:27  Command Center  
  59  4:33  SCV  
  59  4:37  SCV  
  59  4:38  Barracks Tech Lab  
  61  4:42  Barracks x2  
  61  4:45  SCV  
  62  4:49  SCV, Factory Reactor  
  62  4:52  Banshee, Refinery x2  
  66  4:57  SCV  
  66  4:58  Marauder  
  66  4:59  Stimpack  
  69  5:02  SCV  
  69  5:03  Supply Depot  
  68  5:09  SCV  
  68  5:14  SCV  
  70  5:18  Engineering Bay x2  
  70  5:21  SCV  
  70  5:26  SCV, Barracks x2  
  72  5:32  Marauder  
  72  5:33  SCV  
  75  5:38  SCV  
  75  5:40  Marine x2  
  76  5:43  Orbital Command  
  76  5:45  SCV  
  76  5:46  Starport Reactor  
  76  5:47  Factory Reactor  
  77  5:50  Terran Infantry Weapons Level 1, Supply Depot  
  77  5:53  Terran Infantry Armor Level 1  
  77  5:55  SCV  
  77  5:56  Marine  
  79  5:59  SCV  
  80  6:04  Marine x2  
  80  6:05  Marine  
  80  6:07  SCV  
  84  6:13  SCV  
  84  6:16  Marine  
  84  6:18  Orbital Command  
  84  6:19  Barracks Reactor  
  84  6:20  Barracks Reactor  
  83  6:26  SCV  
  83  6:27  SCV  
  83  6:31  Marine x4  
  89  6:34  Marine, Widow Mine x2  
  89  6:38  Armory, Medivac  
  89  6:39  SCV  
  97  6:41  Bunker, Medivac  
  97  6:45  SCV x2  
  101  6:49  Marine  
  101  6:50  Supply Depot  
  101  6:51  Marine  
  101  6:52  Marine x2  
  105  6:54  SCV  
  105  6:57  SCV x2, Marine  
  105  7:00  Combat Shields  
  109  7:07  Supply Depot  
  109  7:12  Medivac x2, Marine x3  
  109  7:14  Supply Depot  
  109  7:15  Refinery  
  116  7:16  Marine  
  117  7:29  Marauder, Marine x6  
  124  7:37  Barracks  
  124  7:40  SCV x3, Barracks x2  
  124  7:42  Medivac x2  
  131  7:46  Terran Infantry Weapons Level 2  
  131  7:49  Marine  
  131  7:50  Marine x8  
  133  7:53  Terran Infantry Armor Level 2  
  133  7:54  SCV  
  133  7:55  SCV, Factory Tech Lab  
  133  8:05  Supply Depot  
  133  8:06  Supply Depot  
  133  8:08  Supply Depot  
  133  8:26  SCV x2, Marine x6  
  141  8:28  Supply Depot, Marauder, Marine x2  
  141  8:31  Medivac x2  
  149  8:37  Supply Depot, Marauder  
  149  8:39  Command Center  
  152  8:44  Barracks Tech Lab, Marine  
  152  8:45  Marine x2  
  152  8:46  Marine x3  
  152  8:47  Marine  
  152  8:48  Marine  
  157  8:50  Marauder  
  151  8:58  Siege Tank  
  151  9:00  Marauder, Marine x2  
  151  9:01  Medivac x2  
  151  9:02  Marine  
  162  9:03  Marine x4  
  162  9:04  Marine  
  162  9:05  Marine x2  
  169  9:10  Marauder  
  168  9:17  Supply Depot  
  168  9:18  Supply Depot  
  168  9:26  Marauder, Marine  
  168  9:31  Medivac x2  
  162  9:34  Marauder x2, Marine x9  
  156  9:39  Siege Tank  
  156  9:43  Marine  
  156  9:47  Marine  
  156  9:52  Marine  
  150  9:53  Marine  
  150  9:54  Marine x7  
  150  9:55  Marauder  
  150  9:56  Marauder  
  152  10:01  Ghost Academy, Medivac x2  
  151  10:11  Missile Turret  
  151  10:12  Marauder, Marine  
  151  10:13  Marine x2  
  141  10:17  Siege Tank, Marauder  
  141  10:18  Marine  
  141  10:20  Marine x2  
  128  10:21  Marine  
  120  10:44  Marauder  
  120  10:45  Marine  
  121  10:54  Marine x6  
  116  10:57  Siege Tank  
  116  10:59  Marauder, Marine  
  116  11:02  Marine  
  116  11:03  Marauder  
  114  11:04  Medivac x2  
  114  11:06  Marine  
  114  11:07  Marine x2  
  110  11:12  Marine x6  
  110  11:16  Marine  
Tags
 
Add a new tag
Caveats
  • Supply blocks, unpowered buildings, or Contaminate may cause inaccurate times.
  • Supply counts are checked every 10 seconds.